 Dungeon Crawl Stone Soup version 0.26-a0-665-gefeb406119 (webtiles) character file.

Game seed: 2275646266938446082

9242 robertstho the Quickloader (level 11, 0/72 HPs)
             Began as a Kobold Hunter on Oct 14, 2020.
             Was a Priest of Okawaru.
             Slain by a komodo dragon (26 damage)
             ... on level 10 of the Dungeon.
             The game lasted 00:19:35 (10561 turns).

robertstho the Quickloader (Kobold Hunter)         Turns: 10561, Time: 00:19:36

Health: 0/72       AC:  5    Str: 12    XL:     11   Next: 70%
Magic:  10/12      EV: 20    Int: 13    God:    Okawaru [***...]
Gold:   243        SH: 13    Dex: 16    Spells: 10/10 levels left

rFire    . . .     SeeInvis +   a - +1 hand crossbow
rCold    . . .     Faith    .   u - +2 kite shield
rNeg     . . .     Spirit   .   i - +0 troll leather armour
rPois    +         Reflect  .   (no helmet)
rElec    .         Harm     .   (no cloak)
rCorr    .         Rampage  .   (no gloves)
MR       .....                  (no boots)
Stlth    +++++++...             (no amulet)
HPRegen  0.62/turn              t - ring of poison resistance
MPRegen  0.13/turn              q - ring of see invisible

@: heroism
A: small, nightstalker 3
a: Heroism, Renounce Religion


You were on level 10 of the Dungeon.
You worshipped Okawaru.
Okawaru was most pleased with you.
You visited 3 branches of the dungeon, and saw 13 of its levels.
You also visited: Ossuary.

You collected 558 gold pieces.
You spent 315 gold pieces at shops.

Inventory:

Hand Weapons
 a - a +1 hand crossbow (weapon)
 r - a +2 hand axe of venom
 D - a +3 flail of holy wrath
Missiles
 d - 22 bolts (quivered)
Armour
 i - a +0 troll leather armour (worn)
 u - a +2 kite shield (worn)
Jewellery
 f - a +6 ring of intelligence {unknown}
 q - a ring of see invisible (right hand)
 s - an uncursed ring of resist corrosion
 t - a ring of poison resistance (left hand)
 x - an uncursed ring of flight
 L - an uncursed ring of protection from cold {unknown}
Wands
 m - a wand of enslavement (8)
 v - a wand of digging (7)
 z - a wand of paralysis (7)
 C - a wand of disintegration (10)
 G - a wand of random effects (31)
Scrolls
 c - 3 scrolls of enchant armour
 h - 5 scrolls of enchant weapon {unknown}
 j - 12 scrolls of remove curse {unknown}
 l - 2 scrolls of fog {unknown}
 p - 5 scrolls of blinking {unknown}
 y - a scroll of fear {unknown}
 A - 6 scrolls of amnesia {unknown}
 F - 2 scrolls of identify
 H - 2 scrolls of teleportation {unknown}
 K - a scroll of holy word
Potions
 b - a potion of magic {unknown}
 e - 9 potions of curing
 g - 2 potions of flight
 k - 2 potions of resistance
 n - a potion of mutation
 o - a potion of might
 w - 3 potions of lignification
 B - 2 potions of stabbing
 E - a potion of berserk rage
 I - a potion of cancellation
 J - 2 potions of haste


   Skills:
 * Level 10.1(15.1) Fighting
 + Level 2.1(7.2) Axes
 + Level 0.8(6.7) Maces & Flails
 * Level 13.0(18.0) Crossbows
 + Level 2.9(7.9) Armour
 + Level 5.3(10.3) Dodging
 * Level 9.9(14.9) Stealth
 + Level 3.9(8.9) Shields
 * Level 2.2 Invocations
 + Level 0.1 Evocations


You had 10 spell levels left.
You didn't know any spells.
Your spell library contained the following spells:

 Spells                   Type           Power        Failure   Level
 Animate Skeleton         Necr           #.....       75%         1
 Apportation              Tloc           #.....       75%         1
 Corona                   Hex            #......      75%         1
 Summon Small Mammal      Summ           #...         75%         1


Dungeon Overview and Level Annotations

Branches:
Dungeon (11/15)            Temple (1/1) D:7            Lair (1/6) D:10
    Orc (0/2) D:9         Ossuary (visited)

Altars:
Ashenzari
Cheibriados
Dithmenos
Elyvilon
Fedhas
Gozag
Hepliaklqana
Kikubaaqudgha
Makhleb
Nemelex Xobeh
Okawaru
Qazlal
Ru
Sif Muna
Trog
Uskayaw
Vehumet
Wu Jian
Xom
Yredelemnul
Zin
The Shining One

Shops:
D:6 !

Annotations:
D:5 1 runed translucent door, GoodGuyCap's ghost, amateur OpGl
Lair:1 exclusion: 3 oklob plants


Innate Abilities, Weirdness & Mutations

You are small and have problems with some larger weapons.
You are completely attuned to the shadows.


Message History

Aim: a komodo dragon (moderately wounded)
You shoot a bolt. The bolt hits the komodo dragon.
The komodo dragon is moderately wounded.
You block the komodo dragon's attack.
Firing (i - inventory)
d - 24 bolts (quivered)
Press: ? - help, Shift-Dir - straight line, f/p - komodo dragon
Aim: a komodo dragon (moderately wounded)
You shoot a bolt. The bolt hits the komodo dragon!
The komodo dragon is severely wounded.
The komodo dragon bites you!!
* * * LOW HITPOINT WARNING * * *
Firing (i - inventory)
d - 23 bolts (quivered)
Press: ? - help, Shift-Dir - straight line, f/p - komodo dragon
Aim: a komodo dragon (severely wounded)
You shoot a bolt.
The bolt hits the komodo dragon but does no damage.
The komodo dragon is severely wounded.
The komodo dragon misses you.
You feel much better. The komodo dragon bites you!!
You die...

#.# #.# #.# #.# #########
#########.# ###........
###.>.......# ###P.........
....######..#### ##......P.....
##..##.........#####.............
##..##.###...#..@lYY....P.......♣
.......##.....######.......P...P.
##..######...## #.....P.P.....
##..######..## #.......>.P.P.
....<...)[..# #....P..P.....
###########†# #..P...P..P... #
##†## ##..........P. # ##...##
#...........P #### ##.....##
#......P.♣♣..


You could see a komodo dragon and 2 yaks.

Vanquished Creatures
  The ghost of BruhMomento the Poker, a novice DsBe of Trog (D:7)
  A cane toad (Lair:1)
  Maggie (D:9)
  A komodo dragon (Lair:1)
  A troll (D:10)
  Sigmund (D:3)
  7 yaks
  4 wyverns
  Eustachio (D:5)
  Menkaure (D:6)
  A steam dragon (D:10)
  3 water moccasins
  Edmund (D:5)
  2 orc warriors
  2 phantoms
  A sky beast (D:6)
  2 necrophages
  9 ogres
  4 wolves (Lair:1)
  5 centaurs
  4 elf zombies (Ossuary)
  5 bullfrogs
  3 scorpions
  7 killer bees
  8 wights
  3 howler monkeys (D:10)
  2 centaur zombies (Ossuary)
  2 quasits (D:10)
  7 hounds
  6 human zombies (Ossuary)
  3 orc priests
  6 jellies
  5 orc wizards
  2 centaur skeletons
  Jessica (D:3)
  2 iguanas
  6 worker ants
  A hound zombie (D:7)
  2 hound skeletons (D:7)
  3 mummies (Ossuary)
  A howler monkey zombie (D:3)
  10 adders
  A shadow imp (D:5)
  2 white imps
  5 ufetubi
  2 oozes
  An adder skeleton (D:10)
  4 worms
  4 dart slugs
  8 leopard geckos
  24 orcs
  5 giant cockroaches
  3 goblins
  4 hobgoblins
  14 jackals
  7 quokkas
  2 ball pythons
  7 bats
  6 frilled lizards
  A giant cockroach zombie (D:6)
  A jackal skeleton (D:4)
  6 kobolds
  A leopard gecko zombie (D:6)
  A quokka zombie (D:7)
  4 rats
  A butterfly (D:9)
252 creatures vanquished.

Vanquished Creatures (others)
  2 fungi (D:10)
  18 plants
20 creatures vanquished.

Grand Total: 272 creatures vanquished

Notes
Turn   | Place    | Note
-------+----------+-------------------------------------------
     0 | D:1      | robertstho the Kobold Hunter began the quest for the Orb.
     0 | D:1      | Reached XP level 1. HP: 12/12 MP: 1/1
   219 | D:1      | Reached skill level 5 in Crossbows
   377 | D:1      | Reached XP level 2. HP: 18/18 MP: 2/2
   789 | D:2      | Reached XP level 3. HP: 22/22 MP: 3/3
  1010 | D:2      | Reached XP level 4. HP: 27/27 MP: 4/4
  1065 | D:2      | Reached skill level 6 in Crossbows
  1130 | D:2      | Noticed an ogre
  1134 | D:2      | Killed an ogre
  1134 | D:2      | Reached XP level 5. HP: 10/32 MP: 5/5
  1290 | D:2      | Noticed a phantom
  1318 | D:2      | Killed a phantom
  1318 | D:2      | Reached skill level 7 in Crossbows
  1318 | D:2      | Reached XP level 6. HP: 28/37 MP: 6/6
  1562 | D:3      | Noticed Jessica
  1570 | D:3      | Killed Jessica
  1579 | D:3      | Found a stormy altar of Qazlal.
  1632 | D:3      | Noticed Sigmund
  1640 | D:3      | Killed Sigmund
  1640 | D:3      | Reached skill level 8 in Crossbows
  1640 | D:3      | Reached skill level 1 in Armour
  1640 | D:3      | Reached XP level 7. HP: 42/42 MP: 7/7
  1907 | D:3      | Found a shimmering blue altar of Sif Muna.
  2046 | D:3      | Found a sparkling altar of Nemelex Xobeh.
  2351 | D:4      | Reached skill level 9 in Crossbows
  2409 | D:4      | Reached XP level 8. HP: 48/48 MP: 8/8
  2485 | D:4      | Found a sand-covered staircase.
  2536 | Ossuary  | Entered an ossuary
  2711 | Ossuary  | Reached skill level 5 in Fighting
  2819 | Ossuary  | Reached skill level 10 in Crossbows
  2861 | Ossuary  | Reached skill level 5 in Stealth
  3055 | D:4      | Reached XP level 9. HP: 46/55 MP: 9/9
  3276 | D:4      | Found an ancient bone altar of Kikubaaqudgha.
  3323 | D:5      | Entered Level 5 of the Dungeon
  3344 | D:5      | Found a snail-covered altar of Cheibriados.
  3380 | D:5      | Reached skill level 1 in Shields
  3640 | D:5      | Found a bloodstained altar of Trog.
  3695 | D:5      | Found a runed translucent door.
  3696 | D:5      | Noticed GoodGuyCap's ghost (amateur OpGl)
  3767 | D:5      | Noticed Eustachio
  3805 | D:5      | Killed Eustachio
  3948 | D:5      | Noticed Edmund
  3964 | D:5      | Killed Edmund
  3990 | D:5      | Reached skill level 1 in Axes
  4233 | D:6      | Noticed Menkaure
  4242 | D:6      | Killed Menkaure
  4367 | D:6      | Reached skill level 11 in Crossbows
  4699 | D:6      | Found Xootoow's Distillery.
  4704 | D:6      | Bought a potion of heal wounds for 75 gold pieces
  4704 | D:6      | Bought a potion of degeneration for 15 gold pieces
  4704 | D:6      | Bought a potion of curing for 45 gold pieces
  4704 | D:6      | Bought a potion of brilliance for 60 gold pieces
  4704 | D:6      | Bought a potion of cancellation for 120 gold pieces
  4799 | D:6      | Found a burning altar of Makhleb.
  4803 | D:6      | Noticed a cacodemon
  4804 | D:6      | Noticed a smoke demon
  4969 | D:7      | Found a shimmering blue altar of Sif Muna.
  5031 | D:7      | Reached XP level 10. HP: 63/63 MP: 10/10
  5121 | D:7      | Found a staircase to the Ecumenical Temple.
  5132 | Temple   | Entered the Ecumenical Temple
  5208 | Temple   | Became a worshipper of Warmaster Okawaru
  5347 | D:7      | Found a runed translucent door.
  5355 | D:7      | Found a glowing golden altar of the Shining One.
  5579 | D:7      | Noticed BruhMomento's ghost (novice DsBe)
  5612 | D:7      | Killed BruhMomento's ghost
  5612 | D:7      | Reached * piety under Okawaru
  6127 | D:8      | Found an opulent altar of Gozag.
  6987 | D:9      | Found a staircase to the Orcish Mines.
  7187 | D:9      | Found a broken altar of Ashenzari.
  7191 | D:9      | Reached skill level 12 in Crossbows
  7403 | D:9      | Reached ** piety under Okawaru
  7512 | D:9      | Found a shimmering altar of Xom.
  8028 | D:10     | Entered Level 10 of the Dungeon
  8064 | D:10     | Noticed Maggie
  8196 | D:9      | Reached XP level 11. HP: 39/69 MP: 11/11
  8210 | D:9      | Killed Maggie
  8437 | D:10     | Reached skill level 5 in Dodging
  8442 | D:10     | Found a staircase to the Lair.
  8629 | D:10     | Reached *** piety under Okawaru
  8875 | D:10     | Reached skill level 1 in Invocations
  9814 | D:11     | Noticed a brown ugly thing
 10007 | Lair:1   | Entered Level 1 of the Lair of Beasts
 10041 | Lair:1   | Received a gift from Okawaru
 10041 | Lair:1   | Reached skill level 10 in Fighting
 10397 | Lair:1   | Noticed an oklob plant
 10397 | Lair:1   | Noticed an oklob plant
 10397 | Lair:1   | Noticed an oklob plant
 10444 | Lair:1   | Reached skill level 13 in Crossbows
 10561 | D:10     | Slain by a komodo dragon

Illustrated notes

Levels and vault maps discovered:
D:1:      dpeg_arrival_oval, layout_basic
D:2:      layout_basic
D:3:      layout_loops_ring, nemelex_xobeh_ov_fountains_minmay,
          old_standard_altar, lemuel_doored_altar, uniq_sigmund, uniq_jessica
D:4:      layout_rooms, kennysheep_mini, nicolae_ossuary_entry_monument,
          wad_floor_pattern_1, minmay_bisected
D:5:      layout_rooms, kennysheep_mini_moat, kennysheep_slug_shrine,
          ebering_ghost_inner_flame, uniq_edmund, uniq_eustachio
D:6:      layout_cave_pools, serial_shops, kennysheep_little_box,
          makhleb_altar_promises_db, uniq_menkaure
D:7:      layout_rooms, lemuel_crystal_altar, minmay_temple_entry_fiery,
          basic_altar, ebering_ghost_reflecting_pool
D:8:      layout_basic, nicolae_gozag_seed_capital
D:9:      layout_basic, old_standard_altar, xom_butterflies, orc_0_dummy
D:10:     layout_loops_corners, minmay_lair_entry_grove, uniq_maggie
D:11:     layout_irregular_city, basic_altar, uniq_fannar, uniq_snorg
Temple:   nicolae_temple_x_marks_the_god
Lair:1:   layout_long_grid, infiniplex_staircase_pool_2,
          minmay_lair_oklob_chamber, serial_bayou_shore_a, uniq_erica

Skill      XL: |  1  2  3  4  5  6  7  8  9 10 11 |
---------------+----------------------------------+-----
Crossbows      | 5 6 7 8 9 10 11 12 13 | 13.0
Stealth        | 2 3 4 5 6 9 |  9.9
Fighting       | 3 4 5 7 8 10 | 10.1
Armour         | 1 2 |  2.9
Dodging        | 3 4 5 |  5.3
Shields        | 2 3 |  3.9
Axes           | 2 |  2.1
Invocations    | 2 |  2.2
Maces & Flails | |  0.8
Evocations     | |  0.1

Action                   |  1- 3 |  4- 6 |  7- 9 | 10-12 || total
-------------------------+-------+-------+-------+-------++-------
Melee: Short sword       |       |     2 |       |       ||     2
       Dagger            |       |       |    29 |       ||    29
       Hand axe          |       |       |    23 |       ||    23
       Flail             |       |       |     3 |    14 ||    17
 Fire: Hand crossbow     |    73 |    61 |   422 |   492 ||  1048
Invok: Heroism           |       |       |       |    12 ||    12
Evoke: Wand              |       |       |       |     4 ||     4
  Use: Scroll            |       |       |     9 |     3 ||    12
       Potion            |       |       |       |     9 ||     9
 Stab: Distracted        |       |       |     1 |       ||     1
Armor: Leather armour    |    10 |       |       |       ||    10
       Troll leather arm |     5 |     5 |    73 |    43 ||   126
Dodge: Dodged            |    32 |    18 |   145 |   216 ||   411
Block: Kite shield       |       |       |   142 |   255 ||   397

Table legend: (Time is in decaauts)
 A = Elapsed time spent in this place.
 B = Non-inter-level travel time spent in this place.
 C = Inter-level travel time spent in this place.
 D = Time resting spent in this place.
 E = Time spent auto-exploring this place.
 F = Levels seen in this place.
 G = Mean time per level.
                   A        B        C        D        E       F      G
               +--------+--------+--------+--------+--------+-----+--------+
         Total |  10650 |  10359 |    291 |    605 |   7527 |  14 |  760.7 |
       Dungeon |   9604 |   9321 |    283 |    390 |   7125 |  11 |  873.1 |
        Temple |     83 |     76 |      7 |      0 |     71 |   1 |   83.0 |
          Lair |    538 |    538 |      0 |    183 |    238 |   1 |  538.0 |
       Ossuary |    424 |    424 |      0 |     32 |     93 |   1 |  424.0 |
               +--------+--------+--------+--------+--------+-----+--------+

Top non-repeatable levels by time:
    D:10: 1703 daAuts
     D:9: 1457 daAuts
     D:8: 1061 daAuts
     D:5: 885 daAuts
     D:2: 789 daAuts
     D:7: 785 daAuts
     D:1: 766 daAuts
     D:3: 763 daAuts
     D:6: 665 daAuts
     D:4: 633 daAuts
  Lair:1: 538 daAuts
 Ossuary: 424 daAuts
    D:11: 93 daAuts
  Temple: 83 daAuts
